 Seeded DCSS version 0.30-a0-368-g86fb4627a9 (webtiles) character file.

Game seed: 4866231847754521613 (custom seed)

105 purpskrrrp the Chopper (level 4, -3/42 HPs)
             Began as a Minotaur Monk on Nov 18, 2022.
             Killed from afar by an orc wizard (9 damage)
             ... with a magic dart
             ... on level 3 of the Dungeon.
             The game lasted 00:07:20 (2074 turns).

purpskrrrp the Chopper (Minotaur Monk)              Turns: 2074, Time: 00:07:21

Health: -3/42      AC:  8    Str: 18    XL:     4   Next: 54%
Magic:  3/3        EV:  8    Int:  7    God:
Gold:   170        SH:  0    Dex: 12    Spells: 3/3 levels left

rFire   . . .      SeeInvis .    a - +0 hand axe
rCold   . . .      Faith    .    (no shield)
rNeg    . . .      Spirit   .    q - +0 chain mail
rPois   .          Reflect  .    (helmet restricted)
rElec   .          Harm     .    (no cloak)
rCorr   .          Rampage  .    (no gloves)
Will    .....                    (no boots)
Stlth   ..........               (no amulet)
HPRegen 0.27/turn                (no ring)
MPRegen 0.08/turn                (no ring)

@: confused, studying Fighting
A: horns 2, retaliatory headbutt
a: no special abilities


You were on level 3 of the Dungeon.
You visited 1 branch of the dungeon, and saw 3 of its levels.

You collected 170 gold pieces.

Inventory:

Hand Weapons
 a - a +0 hand axe (weapon)
Armour
 b - a +0 robe
 q - a +0 chain mail (worn)
Jewellery
 j - a ring of ice
 m - a ring of see invisible
Wands
 r - a wand of flame (15) (quivered)
Scrolls
 f - 2 scrolls of enchant armour {unknown}
 g - 3 scrolls of teleportation {unknown}
 h - 4 scrolls of identify {unknown}
 i - 2 scrolls of magic mapping {unknown}
 o - a scroll of noise {unknown}
 p - a scroll of poison {unknown}
Potions
 c - a potion of ambrosia
 d - 3 potions of mutation {unknown}
 e - 2 potions of degeneration {unknown}
 k - a potion of attraction {unknown}
 l - 3 potions of lignification {unknown}


   Skills:
 * Level 5.1 Fighting
 + Level 5.9 Axes
 + Level 0.7 Armour
 - Level 3.2 Dodging
 - Level 1.5 Stealth


You had 3 spell levels left.
You didn't know any spells.
Your spell library was empty.

Dungeon Overview and Level Annotations

Branches:
Dungeon (3/15)

Altars:


Innate Abilities, Weirdness & Mutations

You have a pair of horns on your head.
You reflexively headbutt those who attack you in melee.


Message History

You closely miss something. Something hits you.
* * * LOW HITPOINT WARNING * * *
You closely miss something. Your headbutt misses something. Something hits you.
* * * LOW HITPOINT WARNING * * *
You closely miss something. Something hits you.
* * * LOW HITPOINT WARNING * * *
You miss something. Something hits you.
* * * LOW HITPOINT WARNING * * *
You hit something but do no damage. Something hits you.
* * * LOW HITPOINT WARNING * * *
You barely miss something.
You hear some strange, mumbled words.
You are confused.
You miss something.
An orc wizard appears from thin air!
Reactivating autopickup.
The orc wizard casts a spell at you. You resist with some effort.
You closely miss the orc wizard.
The orc wizard is almost dead.
The orc wizard hits you but does no damage.
You're too confused to move!
The orc wizard barely misses you.
The orc wizard gestures at you while chanting.
You resist with some effort.
Things that are here:
a +0 flail; a +0 scale mail; a +0 club You feel less confused.
The orc wizard gestures at you while chanting.
You are confused.
The orc wizard attacks as you move away!
The orc wizard hits you but does no damage.
You bump into the rock wall.
The orc wizard hits you but does no damage.
You barely miss the orc wizard. Your headbutt misses the orc wizard.
The orc wizard is severely wounded.
The orc wizard closely misses you.
The orc wizard attacks as you move away!
The orc wizard barely misses you.
The orc wizard gestures at you while chanting.
The magic dart hits you!
You die...

#.###########
##8..8##..#
#...........#
+......'..#
#############
#..##..#..#
########..#
#)...#††.# #...
#...#
##+####)#####..#
#....o.)...##..#
#
#..@.......#...#
#
#####..##.)'...#
# #.#
############ #
####### #.# .. #
#.....# #.##.# #
#.###.# #.##.#
### #.#
#.###.##.# ..#
#.# #.##..##.#
#.# #.#
#........#


You could see an orc wizard.

Vanquished Creatures
  An iguana (D:2)
  An adder (D:2)
  2 dart slugs (D:1)
  5 orcs (D:3)
  7 endoplasms
  4 goblins
  6 hobgoblins
  4 jackals (D:1)
  5 kobolds
  2 quokkas
  5 ball pythons
  9 bats
  A frilled lizard (D:1)
  7 rats
59 creatures vanquished.

Notes
Turn   | Place    | Note
-------+----------+-------------------------------------------
     0 | D:1      | purpskrrrp the Minotaur Monk began the quest for the Orb.
     0 | D:1      | Reached XP level 1. HP: 19/19 MP: 0/0
   112 | D:1      | Reached XP level 2. HP: 20/26 MP: 1/1
   291 | D:1      | Reached skill level 5 in Axes
   330 | D:1      | Reached XP level 3. HP: 31/31 MP: 2/2
   716 | D:1      | Identified a scroll of acquirement
   716 | D:1      | Acquired a manual of Fighting
   968 | D:2      | Reached XP level 4. HP: 34/41 MP: 3/3
  1631 | D:3      | Found a faded altar of an unknown god.
  2013 | D:3      | Acquired a manual of Fighting
  2033 | D:3      | Reached skill level 5 in Fighting
  2062 | D:3      | HP: 2/42 [something (3)]
  2074 | D:3      | Killed from afar by an orc wizard

Illustrated notes

Levels and vault maps discovered:
D:1:      dpeg_arrival_arbitrary_c, layout_basic
D:2:      layout_loops_ring, kennysheep_minor_cross
D:3:      minmay_chambers_of_twos, layout_loops_ring, overflow_temple_1_default,
          ebering_ecumenical_altar_petrified

Skill      XL: |  1  2  3  4 |
---------------+-------------+-----
Axes           | 4 5 |  5.9
Fighting       | 4 5 |  5.1
Armour         | |  0.7
Dodging        | |  3.2
Stealth        | |  1.5

Action                   |  1- 3 |  4- 6 || total
-------------------------+-------+-------++-------
Melee: Hand axe          |    57 |    73 ||   130
       Headbutt          |    15 |     3 ||    18
       Punch             |     1 |       ||     1
  Use: Scroll            |     1 |     1 ||     2
       Potion            |       |     1 ||     1
 Stab: Sleeping          |     4 |     1 ||     5
Armor: Robe              |     6 |       ||     6
       Chain mail        |       |    28 ||    28
Dodge: Dodged            |    33 |    26 ||    59

Table legend: (Time is in decaauts)
 A = Elapsed time spent in this place.
 B = Non-inter-level travel time spent in this place.
 C = Inter-level travel time spent in this place.
 D = Time resting spent in this place.
 E = Time spent auto-exploring this place.
 F = Levels seen in this place.
 G = Mean time per level.
                   A        B        C        D        E       F      G
               +--------+--------+--------+--------+--------+-----+--------+
         Total |   2077 |   1984 |     93 |      0 |   1651 |   3 |  692.3 |
       Dungeon |   2077 |   1984 |     93 |      0 |   1651 |   3 |  692.3 |
               +--------+--------+--------+--------+--------+-----+--------+

Top non-repeatable levels by time:
     D:2: 863 daAuts
     D:1: 735 daAuts
     D:3: 479 daAuts
